Zazza, neutral female human Tourist - - .. - - - - . --- ..| ---- |..| . - | |..-- | - . |.|.-- - ---.@-- . - - --..--- .. - -...|.-- --..Za..- | . --...| --......| |.<......# -- --..-- |.......| ` |.......-- . - . ---..%.. - . ----....-#---.......| - | |....... . ---....--.......-- . - - ---...... . . |-...........-- . |................|---- | |............| . |-...............--..|.... | ----..........-- - |........................------.....-.....--| | -- ---^..............|.).......................| . ..............---...---.........--------.--- . . . -.. -...- -....%....-- |...| |. . . - . . .....|.|....| |...-- .- . - . - --------...| ----.. - - - - ----- . -- Zazza the Sightseer Experience level: 5 Strength: 25 Dexterity: 11 Constitution: 17 Intelligence: 16 Wisdom: 9 Charisma: 17 Health: 0(61) Energy: 18(18) Def: 8 Gold: 3341 Moves: 5330 Dungeon seed: wjER-Mk69kG5Bwn8 Game ID: Zazza_1619182400 Your Inventory: Coins $ - 3341 gold pieces Amulets S - an uncursed amulet of unchanging Weapons a - 22 +2 darts (in quiver) d - 18 +0 darts f - 3 +0 daggers (wielded) m - a cursed -1 arrow q - a +0 aklys Armor e - an uncursed +0 Hawaiian shirt (being worn) h - an uncursed +0 orcish helm (being worn) l - an uncursed +0 dwarvish mithril-coat (being worn) T - an uncursed +2 dwarvish cloak Y - an uncursed +0 pair of gauntlets of power (being worn) Comestibles b - 3 uncursed eggs c - 2 uncursed tripe rations g - 2 uncursed carrots j - 4 uncursed food rations x - 2 uncursed food rations E - an uncursed egg F - 2 uncursed tripe rations O - an uncursed lembas wafer Scrolls u - an uncursed scroll of enchant weapon Potions k - an uncursed potion of fruit juice o - a blessed potion of see invisible r - an uncursed potion of object detection s - an uncursed potion of water v - an uncursed potion of booze w - a potion of unholy water z - an uncursed potion of hallucination A - an uncursed potion of monster detection B - a blessed potion of object detection D - an uncursed potion of see invisible G - an uncursed potion of full healing H - a cursed potion of healing I - an uncursed potion of restore ability L - an uncursed potion of hallucination M - an uncursed potion of gain energy P - an uncursed potion of healing V - an uncursed potion of booze Rings i - an uncursed ring of conflict K - a cursed ring of polymorph N - an uncursed ring of fire resistance Wands J - a wand of fire (0:3) W - a wand of cancellation (0:5) Z - a wand of magic missile (0:0) Tools n - an expensive camera (0:87) p - an uncursed lock pick t - 6 blessed partly used tallow candles (lit) (0:41) Q - an uncursed tooled horn R - a +0 pick-axe Gems y - 2 uncursed worthless pieces of blue glass C - 2 uncursed worthless pieces of black glass U - an uncursed worthless piece of violet glass Spells and supernatural/magical abilities: Name Level Category Fail Memory W - pray for help -- divine ? -- Your skills at the end: Fighting Skills Weapon Skills dart [Basic] Spellcasting Skills Final Attributes: You were piously aligned. You were telepathic. You are dead (2nd time!). Vanquished creatures: a bugbear a gnome lord a gnomish wizard a floating eye 2 dwarves 2 acid blobs a coyote a gas spore a hobbit a large kobold 3 giant rats 2 cave spiders a yellow mold 10 gnomes 2 garter snakes a gnome zombie 7 geckos 14 jackals 4 foxes 2 kobolds 4 goblins a sewer rat 9 grid bugs 9 lichens 3 kobold zombies 10 newts 94 creatures vanquished. Voluntary challenges: You had followed a strict vegetarian diet until turn 1957. You had been an atheist until turn 3462. You used a wielded weapon 31 times, starting on turn 2918. You read items or engraved 26 times, starting on turn 18. You never genocided any monsters. You never polymorphed an object. You never changed form. You used no wishes. You never split a pudding. You wrote Elbereth's name 10 times, starting on turn 1397. You never violated your personal moral code. Dungeon overview: The Dungeons of Doom: levels 1 to 5 Level 1 a fountain a long staircase Level 2 a general store Level 3 a general store, a fountain Level 4 stairs to The Gnomish Mines Level 5 a fountain The Gnomish Mines: levels 5 to 6 Level 5 stairs to The Dungeons of Doom Level 6 <- You were here History has recorded: On T:1 you entered the Dungeons of Doom to retrieve the Amulet of Yendor! On T:75 you reached level 2 of The Dungeons of Doom. On T:448 you reached level 3 of The Dungeons of Doom. On T:1516 you reached level 4 of The Dungeons of Doom. On T:2045 you reached level 5 of The Dungeons of Doom. On T:3984 you advanced to experience level 2. On T:4569 you reached level 1 of The Gnomish Mines. On T:4583 you advanced to experience level 3. On T:4953 you advanced to experience level 4. On T:5042 you were saved from death by your amulet of life saving! On T:5046 you advanced to experience level 5. On T:5076 you reached level 2 of The Gnomish Mines. Score breakdown: Gold: 3094 (11874 points) Experience: 5 levels (11141 points) Exploration: 6 levels ( 13.33%) (10112 points) Discoveries: 13 items ( 4.36%) ( 6265 points) Valuables value: (no points given unless you survive) Artifact value: 0 ( 0 points) Variety of kills: 26 monsters ( 6.82%) ( 7836 points) Turncount: 5330 turns (-1449 points) Survival: died (score multiplied by 80%) Total score: 36623 Latest messages: The giant ant bites! You miss the giant ant. The giant ant bites! (3x) You miss the giant ant. The giant ant just misses! The giant ant bites! You hit the giant ant! The giant ant misses. You miss the giant ant. The giant ant misses. The giant ant bites! (2x) You begin praying to The Lady. You are surrounded by a shimmering light. The giant ant starts to attack you, but pulls back. (5x) You feel that The Lady is well-pleased. The giant ant misses. You miss the giant ant. The giant ant bites! (2x) You miss the giant ant. The giant ant misses. You miss the giant ant. The giant ant misses. The giant ant bites! (2x) You die... Final status: Aloha Zazza the Tourist, killed by a giant ant... You died in The Gnomish Mines on dungeon level 6 with 36623 points, and 3341 pieces of gold, after 5330 moves. You were level 5 with a maximum of 61 hit points when you died.